 Dungeon Crawl Stone Soup version 0.19.1-1-g22dce08 (webtiles) character file.

15 nikopol the Skirmisher (level 2, -2/19 HPs)
             Began as a Gargoyle Berserker on Jan 15, 2017.
             Was a Follower of Trog.
             Slain by a goblin (5 damage)
             ... led by Robin
             ... on level 2 of the Dungeon.
             The game lasted 00:01:32 (598 turns).

nikopol the Skirmisher (Gargoyle Berserker)          Turns: 598, Time: 00:01:32

Health: -2/19      AC: 12    Str: 20    XL:     2   Next: 50%
Magic:  2/2        EV:  8    Int:  7    God:    Trog [*.....]
Gold:   27         SH:  0    Dex:  9    Spells: 0 memorised, 1 level left

rFire  . . .     SeeInvis .     a - +0 hand axe
rCold  . . .     Gourm    .     j - +0 chain mail
rNeg   + . .     Faith    .     (no shield)
rPois  ∞         Spirit   .     o - +0 helmet
rElec  +         Reflect  .     (no cloak)
rCorr  .         Harm     .     (no gloves)
MR     .....                    (no boots)
Stlth  ..........               (no amulet)
                                (no ring)
                                (no ring)

@: no status effects
A: negative energy resistance 1, electricity resistance, unbreathing,
petrification resistance, rot immunity, AC +2
a: Berserk, Burn Spellbooks, Renounce Religion


You were on level 2 of the Dungeon.
You worshipped Trog.
Trog was aware of your devotion.
You were not hungry.

You visited 1 branch of the dungeon, and saw 2 of its levels.

You collected 27 gold pieces.

Inventory:

Hand Weapons
 a - a +0 hand axe (weapon)
Missiles
 d - 35 arrows
Armour
 b - a +0 animal skin
 j - a +0 chain mail (worn)
 o - a +0 helmet (worn)
Jewellery
 e - an uncursed amulet of rage {unknown}
Scrolls
 f - a scroll of blinking {unknown}
 g - 4 scrolls of identify {unknown}
 h - a scroll of recharging {unknown}
 i - a scroll of remove curse {unknown}
 k - a scroll of magic mapping {unknown}
Potions
 l - a potion of agility {unknown}
 n - a potion of curing {unknown}
Comestibles
 c - 3 bread rations
 m - a royal jelly
 p - 4 chunks of flesh


   Skills:
 + Level 3.5 Fighting
 + Level 2.9 Axes
 + Level 2.3 Armour
 + Level 1.9 Dodging


You had one spell level left.
You didn't know any spells.

Dungeon Overview and Level Annotations

Branches:
Dungeon (2/15)

Altars:

Annotations:
D:2 Robin


Innate Abilities, Weirdness & Mutations

You are resistant to torment.
Your stone body is resilient. (AC +2)
You are immune to poison.
You resist negative energy. (rN+)
You are resistant to electric shocks. (rElec)
You can survive without breathing.
You are immune to petrification.
You are immune to rotting.


Message History

You barely miss the goblin. You hit the goblin.
You kill the goblin!
Trog accepts your kill.
You barely miss the goblin. You hit the hobgoblin. You hit the goblin.
You kill the goblin!
Trog accepts your kill. The goblin hits you but does no damage.
The hobgoblin hits you with a club. The goblin hits you but does no damage.
The kobold closely misses you.
You hit the kobold.
You kill the kobold!
Trog accepts your kill.
You hit the goblin. You barely miss the goblin. You closely miss the hobgoblin.
You closely miss the goblin. The goblin hits you but does no damage.
The goblin hits you. The hobgoblin hits you with a club.
Robin throws the goblin at you! The goblin hits you with a club.
* * * LOW HITPOINT WARNING * * *
The goblin barely misses you.
A hobgoblin comes into view. It is wielding a club.
The goblin hits you but does no damage. Robin misses you. The goblin hits you.
You die...

####### ##
##.....##...
##...........
#............
#....ggg.....
#.)..@gg.....
#...ggg......
#....[.......g
........)>.)...
#..............
..###.....##...
. ####### ###


You could see Robin, 3 hobgoblins and 5 goblins.

Vanquished Creatures
  A dart slug (D:1)
  2 ball pythons (D:1)
  4 goblins
  A hobgoblin (D:1)
  A bat (D:1)
  2 frilled lizards (D:1)
  2 kobolds
13 creatures vanquished.

Notes
Turn   | Place    | Note
-------+----------+-------------------------------------------
     0 | D:1      | nikopol the Gargoyle Berserker began the quest for the Orb.
     0 | D:1      | Reached XP level 1. HP: 14/14 MP: 1/1
   321 | D:1      | Reached XP level 2. HP: 17/19 MP: 2/2
   593 | D:2      | Noticed Robin
   598 | D:2      | Slain by a goblin

Action                   || total
-------------------------++-------
Melee: Hand axe          ||    23
Armor: Chain mail        ||    15
       Animal skin       ||     1
Dodge: Dodged            ||    17
